LetsOutscumLuxidream, neutral female scurrid Tourist @ LetsOutscumLuxidream the Rambler Experience level: 1 Strength: 10 Dexterity: 12 Constitution: 13 Intelligence: 11 Wisdom: 9 Charisma: 20 Health: 0(9) Energy: 2(2) Def: 0 Gold: 722 Moves: 43 Dungeon seed: d4rM9l7wT1NS7pzt Game ID: LetsOutscumLuxidream_1498231780 Your Inventory: Coins $ - 722 gold pieces Weapons a - 39 blessed +2 darts (in quiver) Armor e - an uncursed +0 Hawaiian shirt (being worn) Comestibles b - an uncursed candy bar c - 5 uncursed food rations d - 3 uncursed tripe rations f - 2 uncursed tins of lichen g - an uncursed chestnut h - an uncursed tin of spinach Scrolls j - 3 uncursed scrolls of magic mapping k - a blessed scroll of magic mapping Potions i - 2 uncursed potions of extra healing Wands n - an uncursed wand of secret door detection (0:11) Tools l - an uncursed expensive camera (0:73) m - an uncursed credit card o - an uncursed leash Spells and supernatural/magical abilities: Name Level Category Fail Memory W - pray for help -- divine ? -- Your skills at the end: Miscellaneous Skills wands [Basic] Weapon Skills dart [Basic] Spellcasting Skills Final Attributes: You were devoutly aligned. You had infravision. You were very stealthy. You were swallowed by an air elemental. You are dead. Vanquished creatures: a dwarf zombie Voluntary challenges: You went without food. You did not adorn yourself with jewelry or accessories. You did not cause conflict. You were not invisible. You did not have reflection. You were not displaced. You were an atheist. You never hit with a wielded weapon. You did not use tools. You did not use plumbed fixtures. You did not drink any magical draughts. You were illiterate. You never genocided any monsters. You never polymorphed an object. You never changed form. You used no wishes. You never split a pudding. You never wrote Elbereth's name. You never violated your personal moral code. Dungeon overview: The Dungeons of Doom: levels 1 to 17 Level 1 a fountain a long staircase Level 2 Level 3 Level 4 Level 5 Level 6 Level 7 Level 8 Level 9 a fountain Level 10 Level 11 a sink Level 12 Level 13 Level 14 Level 15 Level 16 Level 17 <- You were here History has recorded: On T:1 you entered the Dungeons of Doom to retrieve the Amulet of Yendor! On T:4 you reached level 2 of The Dungeons of Doom. On T:6 you reached level 3 of The Dungeons of Doom. On T:8 you reached level 4 of The Dungeons of Doom. On T:10 you reached level 5 of The Dungeons of Doom. On T:13 you reached level 6 of The Dungeons of Doom. On T:15 you reached level 7 of The Dungeons of Doom. On T:23 you reached level 8 of The Dungeons of Doom. On T:25 you reached level 9 of The Dungeons of Doom. On T:28 you reached level 10 of The Dungeons of Doom. On T:30 you reached level 11 of The Dungeons of Doom. On T:32 you reached level 12 of The Dungeons of Doom. On T:34 you reached level 13 of The Dungeons of Doom. On T:37 you reached level 14 of The Dungeons of Doom. On T:39 you reached level 15 of The Dungeons of Doom. On T:39 you entered the Rogue tribute level. On T:41 you reached level 16 of The Dungeons of Doom. On T:43 you reached level 17 of The Dungeons of Doom. Score breakdown: Gold: 0 ( 0 points) Experience: 1 level ( 0 points) Exploration: 17 levels ( 480 points) Discoveries: 0 items ( 0 points) Variety of kills: 1 monster ( 50 points) Major goal: (nothing yet) ( 0 points) Survival: died (score multiplied by 3) Total score: 1590 Latest messages: You start digging downward. You continue digging downward. You dig a pit in the floor. You continue digging downward. You dig a hole through the floor. You fall through... You enter what seems to be an older, more primitive world. You start digging downward. You continue digging downward. You dig a pit in the floor. You continue digging downward. You dig a hole through the floor. You fall through... You start digging downward. You continue digging downward. You dig a pit in the floor. You continue digging downward. You dig a hole through the floor. You fall through... The air elemental engulfs you! You are pummeled with debris! You die... Final status: Aloha LetsOutscumLuxidream the Tourist, killed by an air elemental... You died in The Dungeons of Doom on dungeon level 17 with 1590 points, and 722 pieces of gold, after 43 moves. You were level 1 with a maximum of 9 hit points when you died.